Map: Chantier naval orbital

Players

Kmiras

  • Race: Zerg Zerg
  • League: Diamond

Mattmatt - Winner!

  • Race: Protoss Protoss
  • League: Diamond

VOD

Have the link to the VOD?

Description

Time

  • Played on: Jan. 20, 2016, 1:44 p.m.
  • Length: 18:48
Show
View Real Time Build Order
Export as new Build Order

Kmiras Zerg 

Build Orders: Hatch First, Lurkers 

Get SALT Encoding   

  12  0:01  Drone  
  13  0:13  Overlord  
  13  0:18  Drone  
  14  0:32  Drone x2  
  14  0:35  Drone  
  17  0:55  Hatchery  
  16  1:07  Spawning Pool  
  16  1:09  Drone  
  16  1:13  Drone  
  16  1:16  Drone  
  18  1:20  Extractor  
  17  1:26  Overlord  
  17  1:36  Drone  
  18  1:45  Drone  
  19  1:53  Drone  
  20  1:54  Queen  
  22  2:04  Drone  
  22  2:07  Queen  
  25  2:09  Drone  
  25  2:15  Drone  
  27  2:22  Metabolic Boost  
  27  2:24  Drone  
  27  2:25  Drone  
  29  2:33  Drone  
  30  2:43  Zergling x4  
  32  2:48  Drone  
  33  2:53  Overlord  
  33  2:59  Drone  
  34  3:07  Hatchery, Drone x2  
  34  3:08  Drone  
  34  3:11  Queen  
  38  3:18  Drone x2  
  40  3:20  Extractor  
  40  3:22  Lair  
  40  3:23  Drone  
  40  3:26  Drone  
  41  3:27  Drone  
  41  3:30  Drone  
  43  3:34  Overlord  
  43  3:46  Drone  
  43  3:49  Extractor  
  42  3:57  Zergling x16  
  50  4:03  Drone  
  50  4:09  Overlord  
  51  4:21  Drone x3  
  51  4:22  Drone x3, Hydralisk Den  
  56  4:36  Spine Crawler  
  56  4:37  Drone  
  56  4:38  Drone x5  
  61  4:42  Drone x2  
  61  4:43  Queen  
  64  4:54  Hydralisk  
  64  4:59  Overlord x2  
  64  5:05  Muscular Augments  
  64  5:18  Hydralisk x7  
  78  5:24  Hydralisk  
  80  5:30  Hydralisk  
  81  5:40  Zergling x2  
  81  5:47  Overlord x2  
  81  5:52  Spine Crawler  
  81  5:54  Spine Crawler  
  81  5:55  Overlord  
  79  6:00  Hydralisk  
  79  6:01  Hydralisk  
  80  6:07  Drone  
  80  6:08  Drone x6  
  87  6:12  Hydralisk x2  
  87  6:13  Hydralisk x3  
  97  6:19  Drone  
  97  6:24  Overlord  
  98  6:26  Hydralisk x3  
  104  6:39  Hydralisk x3  
  99  6:48  Hydralisk x2  
  97  6:57  Hydralisk  
  97  6:58  Drone  
  100  7:05  Hydralisk  
  88  7:21  Lurker Den  
  88  7:24  Hatchery, Extractor  
  86  7:30  Zergling x4  
  86  7:31  Zergling x6  
  86  7:36  Zergling x4  
  93  7:39  Zergling x2  
  93  7:40  Zergling x2  
  93  7:42  Zergling x2  
  96  7:49  Evolution Chamber, Zergling x2  
  96  7:51  Evolution Chamber  
  95  7:55  Overseer x2  
  95  7:58  Zergling x2  
  95  7:59  Zergling x6  
  95  8:05  Zergling x2  
  99  8:09  Hydralisk  
  76  8:22  Hydralisk  
  76  8:24  Hydralisk x5  
  76  8:25  Hydralisk  
  67  8:34  Hydralisk x2  
  67  8:39  Spine Crawler  
  68  8:46  Hydralisk x2  
  72  8:50  Lurker  
  72  8:51  Lurker  
  74  9:04  Lurker  
  73  9:17  Hydralisk  
  73  9:18  Hydralisk x2  
  73  9:19  Hydralisk  
  74  9:36  Hydralisk x3  
  78  9:51  Lurker  
  77  9:59  Hydralisk x3  
  83  10:01  Zergling x10  
  82  10:17  Hydralisk x2  
  78  10:34  Hydralisk x4  
  81  10:36  Overseer  
  81  10:50  Hatchery, Hydralisk x3  
  81  10:56  Hydralisk  
  77  11:02  Hydralisk  
  73  11:07  Zerg Missile Weapons Level 1  
  73  11:16  Hydralisk x3  
  73  11:18  Hatchery  
  78  11:30  Drone  
  78  11:32  Zergling x2  
  80  11:35  Queen  
  80  11:38  Hatchery  
  81  11:44  Zerg Ground Armor Level 1  
  81  11:45  Drone  
  81  11:46  Drone x3  
  85  11:47  Zergling x2  
  86  11:57  Drone x2  
  86  12:01  Hydralisk  
  88  12:07  Lurker x3  
  93  12:15  Drone x2  
  95  12:19  Hydralisk  
  97  12:30  Overseer  
  97  12:31  Hydralisk x3  
  103  12:44  Overseer  
  103  12:59  Overlord x3  
  103  13:02  Spore Crawler, Extractor  
  103  13:05  Spine Crawler  
  100  13:06  Extractor  
  95  13:13  Hydralisk x3  
  98  13:29  Hydralisk  
  98  13:30  Hydralisk x5  
  105  13:42  Hydralisk  
  105  13:43  Drone  
  105  13:47  Hydralisk x3  
  96  14:01  Lurker x3  
  99  14:06  Drone x2  
  101  14:13  Drone x9  
  110  14:44  Hydralisk  
  110  14:45  Hydralisk x6  
  113  15:07  Hydralisk x3  
  113  15:12  Zergling x2  
  113  15:13  Zergling x4  
  89  15:18  Lurker  
  88  15:26  Roach Warren  
  87  15:31  Spine Crawler  
  87  15:32  Spine Crawler  
  87  15:44  Spine Crawler  
  87  15:45  Spine Crawler, Hydralisk  
  87  15:46  Spine Crawler  
  87  15:47  Spine Crawler, Hydralisk  
  87  15:48  Spine Crawler, Hydralisk x4  
  87  15:49  Spine Crawler  
  91  15:50  Spine Crawler  
  90  16:01  Lurker  
  88  16:14  Overlord  
  84  16:20  Infestation Pit  
  84  16:24  Lurker x2  
  85  16:28  Drone x2  
  87  16:39  Hatchery, Roach x7  
  98  16:47  Roach  
  98  16:53  Zergling x6  
  103  17:11  Hydralisk  
  103  17:12  Drone  
  104  17:19  Roach x4  
  86  17:36  Roach  
  86  17:37  Roach x6  
  84  18:12  Lurker  
  85  18:25  Drone x3  
Show
View Real Time Build Order
Export as new Build Order

Mattmatt Protoss - Winner!

Build Orders: 1 Gate Expand 

Get SALT Encoding   

  12  0:01  Probe (Chrono Boost)  
  13  0:11  Probe (Chrono Boost)  
  14  0:21  Pylon  
  14  0:22  Probe (Chrono Boost)  
  15  0:32  Assimilator  
  15  0:40  Probe (Chrono Boost)  
  16  0:50  Probe (Chrono Boost)  
  16  0:56  Gateway  
  17  1:02  Probe (Chrono Boost)  
  18  1:17  Nexus  
  18  1:21  Probe (Chrono Boost)  
  19  1:29  Assimilator  
  19  1:32  Probe (Chrono Boost)  
  20  1:43  Probe (Chrono Boost)  
  20  1:46  Cybernetics Core  
  21  1:53  Pylon  
  21  1:54  Probe (Chrono Boost)  
  22  2:04  Probe (Chrono Boost)  
  23  2:15  Probe (Chrono Boost)  
  24  2:22  Robotics Facility  
  24  2:25  Probe (Chrono Boost), Warp Gate  
  26  2:30  Probe (Chrono Boost)  
  26  2:36  Mothership Core (Chrono Boost)  
  28  2:40  Probe (Chrono Boost)  
  28  2:41  Sentry  
  31  2:51  Probe (Chrono Boost)  
  32  2:55  Probe (Chrono Boost)  
  33  3:01  Probe (Chrono Boost)  
  33  3:04  Gateway  
  33  3:05  Gateway, Probe (Chrono Boost)  
  35  3:15  Immortal (Chrono Boost)  
  39  3:20  Sentry, Probe (Chrono Boost)  
  39  3:22  Probe (Chrono Boost)  
  43  3:31  Probe  
  43  3:33  Probe  
  45  3:38  Gateway  
  45  3:41  Pylon  
  45  3:57  Probe  
  45  3:58  Probe, Pylon  
  45  4:00  Immortal (Chrono Boost)  
  45  4:01  Assimilator  
  51  4:02  Assimilator  
  51  4:11  Pylon  
  51  4:14  Gateway  
  51  4:20  Gateway x2  
  51  4:35  Immortal (Chrono Boost)  
  55  4:39  Sentry x2  
  59  4:57  Sentry  
  61  5:07  Probe, Gateway  
  61  5:08  Gateway, Probe  
  61  5:09  Warp Prism (Chrono Boost)  
  65  5:25  Pylon  
  65  5:26  Pylon  
  65  5:31  Sentry x2  
  69  5:51  Adept  
  69  5:52  Adept x4  
  69  5:55  Adept  
  81  6:04  Pylon x2  
  81  6:06  Pylon  
  81  6:17  Adept x2  
  85  6:24  Stalker x2  
  85  6:25  Stalker x5  
  89  6:47  Zealot x3  
  89  6:48  Zealot x4  
  87  6:59  Zealot x2  
  75  7:13  Zealot x3  
  75  7:15  Zealot x2  
  83  7:22  Sentry  
  85  7:24  Stalker  
  88  7:37  Observer (Chrono Boost)  
  88  7:49  Zealot x3  
  88  7:50  Zealot x3  
  100  7:52  Zealot  
  102  8:09  Zealot x3  
  102  8:10  Zealot x2  
  66  8:27  Stalker x3  
  72  8:40  Stalker x3  
  78  8:55  Zealot  
  80  9:00  Twilight Council  
  64  9:27  Stalker x6  
  71  9:34  Sentry x3  
  77  9:44  Observer (Chrono Boost)  
  78  9:54  Stalker x3  
  84  10:07  Stalker  
  84  10:08  Stalker  
  80  10:27  Adept x4  
  88  10:34  Warp Prism (Chrono Boost)  
  43  11:06  Observer (Chrono Boost)  
  43  11:10  Nexus  
  44  11:11  Pylon  
  44  11:13  Templar Archives, Pylon  
  44  11:25  Charge  
  48  11:33  Immortal (Chrono Boost)  
  48  11:52  High Templar x6  
  48  11:53  High Templar  
  60  11:59  Archon x2  
  60  12:00  Archon  
  60  12:01  High Templar  
  62  12:07  Archon  
  62  12:13  Immortal (Chrono Boost)  
  66  12:25  Probe x2  
  66  12:27  Probe  
  69  12:30  High Templar  
  69  12:31  High Templar  
  69  12:34  Archon  
  73  12:39  Probe  
  74  12:47  Immortal (Chrono Boost)  
  78  12:52  Probe  
  78  12:53  Probe  
  78  12:56  Assimilator  
  80  13:01  Zealot x2  
  84  13:19  High Templar x2  
  88  13:20  High Templar  
  88  13:26  High Templar  
  92  13:27  Archon  
  92  13:31  Zealot x5  
  92  13:33  Archon  
  74  13:51  Zealot  
  74  13:52  Zealot x6  
  86  13:59  High Templar x2  
  90  14:05  Nexus  
  90  14:10  Archon  
  90  14:12  Zealot  
  92  14:27  Immortal (Chrono Boost)  
  94  14:31  Zealot  
  94  14:32  Zealot x3  
  92  14:48  High Templar x2  
  92  14:51  Zealot x4  
  104  14:54  Archon  
  93  15:24  Zealot x5  
  93  15:25  Zealot x4  
  111  15:50  Assimilator  
  111  15:55  Assimilator  
  111  15:57  Assimilator  
  111  16:02  Warp Prism (Chrono Boost)  
  113  16:29  Pylon  
  113  16:32  High Templar  
  113  16:33  Observer (Chrono Boost), High Templar x3  
  122  16:45  Probe  
  123  17:00  Archon x2  
  123  17:08  Zealot x6  
  126  17:09  Zealot x2  
  127  17:22  Zealot  
  114  17:30  Zealot  
  114  17:31  Zealot x7  
  127  17:49  Immortal (Chrono Boost)  
  131  17:59  High Templar  
  131  18:04  Pylon  
  133  18:06  Pylon  
  133  18:07  Pylon  
  133  18:09  Pylon  
  131  18:33  High Templar x2  
  131  18:34  High Templar x2  
  139  18:38  Nexus, Pylon  
  139  18:43  Archon x2  
  139  18:44  High Templar  
  139  18:45  Zealot x3  
Tags
 
Add a new tag
Caveats
  • Supply blocks, unpowered buildings, or Contaminate may cause inaccurate times.
  • Supply counts are checked every 10 seconds.